 Dungeon Crawl Stone Soup version 0.27.1-1-g398f81649c (webtiles) character file.

Game seed: 2294214031847456281

7509 Destapler the Fighter (level 10, 0/92 HPs)
             Began as a Minotaur Fighter on Sept 5, 2021.
             Was a High Priest of Qazlal.
             Slain by a water moccasin (7 damage)
             ... on level 9 of the Dungeon.
             The game lasted 00:28:35 (10966 turns).

Destapler the Fighter (Minotaur Fighter)           Turns: 10966, Time: 00:28:35

Health: 0/92       AC: 19    Str: 25    XL:     10   Next: 95%
Magic:  15/15      EV:  7    Int:  7    God:    Qazlal [*****.]
Gold:   121        SH:  0    Dex:  9    Spells: 9/9 levels left

rFire    . . .     SeeInvis .   E - +4 mace of the Yoke {holy, Int+2}
rCold    . . .     Faith    +   c - +0 kite shield
rNeg     . . .     Spirit   .   F - +3 chain mail
rPois    .         Reflect  .   (helmet restricted)
rElec    .         Harm     .   d - +0 cloak
rCorr    +         Rampage  .   G - +2 pair of gloves
Will     .....                  (no boots)
Stlth    ..........             e - amulet of faith
HPRegen  0.25/turn              A - ring of resist corrosion
MPRegen  0.14/turn              (no ring)

@: confused, ambrosia-drunk, protected from physical damage, studying Slings,
repel missiles
A: horns 2, retaliatory headbutt
a: Renounce Religion, Upheaval, Elemental Force, Disaster Area


You were on level 9 of the Dungeon.
You worshipped Qazlal.
Qazlal was extremely pleased with you.
You visited 1 branch of the dungeon, and saw 9 of its levels.
You also visited: Ossuary.

You collected 418 gold pieces.
You spent 297 gold pieces at shops.

Inventory:

Hand Weapons
 D - the +4 flail "Loizyhal" {freeze, rF+}
   (You bought it in a shop on level 5 of the Dungeon)

   It freezes those it strikes, dealing additional cold damage.
   It can also slow down cold-blooded creatures.
   rF:        It protects you from fire.
 E - the +4 mace of the Yoke (weapon) {holy, Int+2}
   (You bought it in a shop on level 5 of the Dungeon)

   It has been blessed by the Shining One to cause great damage to the undead
   and demons.
   Int:       It affects your intelligence (+2).
Missiles
 a - 2 curare-tipped darts
 j - 8 boomerangs (quivered)
 n - 30 poisoned darts
 t - a throwing net
Armour
 b - a +0 scale mail
 c - a +0 kite shield (worn)
 d - a +0 cloak (worn)
 o - the +5 plate armour "Suduv" {rElec rCorr Dex-3 SInv}
   (You found it on level 7 of the Dungeon)

   Dex:       It affects your dexterity (-3).
   rElec:     It insulates you from electricity.
   SInv:      It lets you see invisible.
   rCorr:     It protects you from acid and corrosion.
 F - a +3 chain mail (worn)
 G - a +2 pair of gloves (worn)
Jewellery
 e - an amulet of faith (around neck)
 A - a ring of resist corrosion (left hand)
 H - an amulet of guardian spirit
Wands
 k - a wand of flame (53)
 x - a wand of iceblast (16)
Scrolls
 f - 2 scrolls of teleportation
 g - 9 scrolls of identify
 h - 2 scrolls of holy word
 i - 5 scrolls of enchant armour {unknown}
 l - a scroll of immolation
 p - a scroll of fog {unknown}
 s - 2 scrolls of amnesia {unknown}
 y - a scroll of blinking
 C - a scroll of enchant weapon {unknown}
 I - a scroll of noise {unknown}
Potions
 m - a potion of mutation {unknown}
 q - 2 potions of heal wounds {unknown}
 r - a potion of flight {unknown}
 u - 2 potions of brilliance {unknown}
 v - a potion of resistance
 w - a potion of attraction {unknown}
 z - a potion of ambrosia
 B - a potion of magic {unknown}


   Skills:
 - Level 9.7 Fighting
 - Level 2.4 Axes
 - Level 6.2 Throwing
 - Level 3.6 Armour
 - Level 9.6 Shields
 + Level 8.1 Invocations
 + Level 7.4 Evocations


You had 9 spell levels left.
You didn't know any spells.
Your spell library contained the following spells:

 Spells                   Type           Power      Damage    Failure   Level
 Blink                    Tloc           N/A        N/A       100%        2
 Conjure Flame            Conj/Fire      0%         6-21      100%        3
 Ignite Poison            Fire/Tmut/Pois 0%         N/A       100%        3
 Sticky Flame             Conj/Fire      0%         2d3       100%        4
 Summon Lightning Spire   Summ/Air       0%         N/A       100%        4
 Summon Forest            Summ/Tloc      0%         N/A       100%        5
 Storm Form               Tmut/Air       0%         N/A       100%        7
 Disjunction              Tloc           0%         N/A       100%        8
 Maxwell's Capacitive Co  Air            0%         ∞         100%        8


Dungeon Overview and Level Annotations

Branches:
Dungeon (9/15)             Temple (0/1) D:7         Ossuary (visited)
   Lair: D:8-11         Orc: D:9-12

Altars:
Qazlal
Ru

Shops:
D:5 (   D:7 *   D:8 *   D:9 *


Innate Abilities, Weirdness & Mutations

You have a pair of horns on your head.
You reflexively headbutt those who attack you in melee.


Message History

You hear an angry hiss.
Something hits you but does no damage. You block something's attack.
Something hits you but does no damage. You block something's attack.
You miss something. Something hits you.
You feel protected from physical attacks.
Something bites you but does no damage.
You hit something.
You hear an angry hiss.
You hear some strange, mumbled words.
Something tries to affect you, but you resist.
You hit something. Something hits you but does no damage.
You block something's attack. Something hits you but does no damage.
Something bites you.
Something draws strength from your injuries!
You hit something.
A water moccasin comes into view.
Something draws life force from you!
* * * LOW HITPOINT WARNING * * *
You hit something but do no damage. Your headbutt misses something.
Something draws life force from you.
* * * LOW HITPOINT WARNING * * *
Something hits you.
* * * LOW HITPOINT WARNING * * *
Something bites you but does no damage.
You hit something but do no damage. Your headbutt misses something.
Something hits you but does no damage. Something bites you but does no damage.
You miss something. Something hits you but does no damage.
You block something's attack. Something hits you.
* * * LOW HITPOINT WARNING * * *
You block something's attack.
You hit something. Something draws life force from you!
* * * LOW HITPOINT WARNING * * *
You thump something! Qazlal accepts your kill.
Reactivating autopickup.
You feel a bit more experienced. The water moccasin bites you.
* * * LOW HITPOINT WARNING * * *
It was a potion of ambrosia.
You are confused.
You feel invigorated. The water moccasin bites you!
You die...

#####
....#
.##.#
....#.#
≈≈≈...# #
### #
≈8≈≈..#
####.....#
#####...
...☼#.#.#
## #..∩§.#
#.#@#
#.S<#
#####


You could see a water moccasin.

Vanquished Creatures
  Harold (D:8)
  2 two-headed ogres (D:9)
  Pikel (D:3)
  2 trolls (D:9)
  A vampire (D:9)
  Sigmund (D:3)
  2 shadows
  A yak (D:8)
  A wyvern (D:9)
  A steam dragon (D:7)
  Menkaure (Ossuary)
  An orc warrior (D:6)
  2 sky beasts
  An ice beast (D:7)
  A necrophage (D:3)
  3 ogres
  3 kobold brigands
  A gnoll sergeant (D:8)
  4 bullfrogs
  A wyvern zombie (D:8)
  A scorpion (D:4)
  7 killer bees (D:8)
  9 wights
  A howler monkey (D:4)
  An electric eel (D:6)
  3 centaur zombies
  4 centaur skeletons
  5 orc priests
  A gnoll shaman (D:5)
  5 hounds
  2 jellies
  Crazy Yiuf (D:3)
  3 iguanas
  Natasha (thrice) (D:3)
  4 orc wizards
  2 killer bee zombies (D:8)
  3 hound skeletons
  3 mummies (Ossuary)
  Robin (D:2)
  5 adders
  18 gnolls
  2 ufetubi
  2 adder skeletons
  A worm (D:3)
  5 dart slugs
  25 orcs
  3 bats
  5 endoplasms
  3 giant cockroaches
  13 goblins
  10 hobgoblins
  2 jackals (D:4)
  25 kobolds
  3 quokkas
  4 ball pythons
  4 frilled lizards
  4 gnoll skeletons (Ossuary)
  4 gnoll zombies (Ossuary)
  6 goblin skeletons (Ossuary)
  6 goblin zombies (Ossuary)
  5 hobgoblin skeletons (Ossuary)
  7 hobgoblin zombies (Ossuary)
  3 kobold skeletons (Ossuary)
  4 kobold zombies (Ossuary)
  3 orc skeletons (Ossuary)
  2 orc zombies (Ossuary)
  4 rats
  4 rat skeletons (Ossuary)
  2 rat zombies (Ossuary)
274 creatures vanquished.

Vanquished Creatures (others)
  28 plants
28 creatures vanquished.

Grand Total: 302 creatures vanquished

Notes
Turn   | Place    | Note
-------+----------+-------------------------------------------
     0 | D:1      | Destapler the Minotaur Fighter began the quest for the Orb.
     0 | D:1      | Reached XP level 1. HP: 19/19 MP: 0/0
   186 | D:1      | Found a faded altar of an unknown god.
   211 | D:1      | Became a worshipper of Qazlal Stormbringer
   211 | D:1      | Reached * piety under Qazlal
   229 | D:1      | Reached XP level 2. HP: 25/27 MP: 1/1
   687 | D:1      | Got the Papyrus of Dislocation
  1028 | D:2      | Noticed Robin
  1058 | D:2      | Killed Robin
  1059 | D:2      | Reached XP level 3. HP: 33/34 MP: 2/2
  1082 | D:2      | Reached ** piety under Qazlal
  1435 | D:2      | Found a sacrificial altar of Ru.
  1633 | D:3      | Reached XP level 4. HP: 41/41 MP: 3/3
  1691 | D:3      | Reached skill level 5 in Fighting
  1691 | D:3      | Reached skill level 5 in Shields
  1772 | D:3      | Found a runed translucent door.
  1773 | D:3      | Noticed Crazy Yiuf
  1779 | D:3      | Killed Crazy Yiuf
  1982 | D:3      | Noticed Natasha
  1990 | D:3      | Killed Natasha
  1991 | D:3      | Reached XP level 5. HP: 24/48 MP: 4/4
  2304 | D:3      | Noticed Natasha
  2315 | D:3      | Killed Natasha
  2412 | D:3      | Noticed Natasha
  2419 | D:3      | Killed Natasha
  2507 | D:3      | Noticed a necrophage
  2516 | D:3      | Killed a necrophage
  2517 | D:3      | Reached skill level 1 in Throwing
  2517 | D:3      | Reached XP level 6. HP: 47/57 MP: 5/5
  2704 | D:3      | Reached *** piety under Qazlal
  3007 | D:3      | Noticed Sigmund
  3016 | D:3      | Killed Sigmund
  3211 | D:4      | Reached XP level 7. HP: 64/64 MP: 6/6
  3214 | D:4      | Noticed Pikel
  3454 | D:3      | Killed Pikel
  3656 | D:4      | Reached XP level 8. HP: 70/74 MP: 7/7
  4550 | D:5      | Entered Level 5 of the Dungeon
  4584 | D:5      | Found a sand-covered staircase.
  4699 | Ossuary  | Entered an ossuary
  4738 | Ossuary  | Reached **** piety under Qazlal
  4978 | Ossuary  | Noticed Menkaure
  4996 | Ossuary  | Killed Menkaure
  5220 | D:5      | Reached skill level 5 in Throwing
  5618 | D:5      | Reached ***** piety under Qazlal
  5659 | D:5      | Found Tecuntad's Antique Weapon Emporium.
  6447 | D:6      | Reached XP level 9. HP: 51/83 MP: 8/8
  7357 | D:7      | Found Yrutief's General Store.
  7480 | D:7      | Reached skill level 1 in Invocations
  7480 | D:7      | Reached skill level 1 in Evocations
  7521 | D:5      | Bought a dazzling flail for 153 gold pieces
  7521 | D:5      | Identified the +4 flail "Loizyhal" {freeze, rF+} (You
                  | bought it in a shop on level 5 of the Dungeon)
  7521 | D:5      | Bought an iridescent mace for 144 gold pieces
  7521 | D:5      | Identified the +4 mace of the Yoke {holy, Int+2} (You
                  | bought it in a shop on level 5 of the Dungeon)
  7937 | D:7      | Found a staircase to the Ecumenical Temple.
  8053 | D:7      | Identified the +5 plate armour "Suduv" {rElec rCorr Dex-3
                  | SInv}
  8609 | D:8      | Noticed Harold
  8618 | D:8      | Killed Harold
  8619 | D:8      | Reached skill level 5 in Invocations
  8619 | D:8      | Reached XP level 10. HP: 63/92 MP: 7/12
  9177 | D:8      | Reached skill level 5 in Evocations
  9943 | D:8      | Found Sxaenoevop's Superlative Supplies.
 10007 | D:9      | Noticed a two-headed ogre
 10021 | D:9      | Killed a two-headed ogre
 10356 | D:9      | Noticed a two-headed ogre
 10380 | D:9      | Killed a two-headed ogre
 10908 | D:9      | Noticed a two-headed ogre
 10942 | D:9      | Found Xulupy's General Store.
 10965 | D:9      | HP: 1/92 [water moccasin (5)]
 10966 | D:9      | Slain by a water moccasin

Illustrated notes

Levels and vault maps discovered:
D:1:      lemuel_arrival_hallway, layout_basic,
          hellmonk_ecumenical_altar_lost_god
D:2:      layout_loops_ring, basic_altar, uniq_robin
D:3:      cheibrodos_old_hovel, layout_loops_corners, grunt_ministairs_8,
          uniq_sigmund, uniq_natasha, uniq_crazy_yiuf_cottage
D:4:      layout_basic, minmay_misc_feat_room, uniq_pikel
D:5:      layout_layer_cave, serial_shops, shop, nicolae_ossuary_entry_plus,
          bh_walls_and_bars
D:6:      layout_basic, serial_bayou_ford_a
D:7:      layout_rooms, minmay_temple_entry_offerings, serial_shops,
          nicolae_shop_statue_plus, minmay_misc_feat_rows, minivault_5
D:8:      layout_gridville, nicolae_alphabet_shops,
          minmay_misc_feat_secret_circle, hangedman_abyss_or_decor_stabs,
          minmay_manual_mail, uniq_harold
D:9:      layout_basic, kennysheep_orc_monster_closet_entryway, serial_shops,
          nicolae_shop_crystal, shop, nicolae_square_shop, moated_statue,
          hangedman_decor_diamond_cutter

Skill      XL: |  1  2  3  4  5  6  7  8  9 10 |
---------------+-------------------------------+-----
Fighting       | 4 5 6 7 9 |  9.7
Shields        | 4 5 6 7 9 |  9.6
Throwing       | 1 2 4 5 6 |  6.2
Invocations    | 5 8 |  8.1
Evocations     | 4 7 |  7.4
Axes           | |  2.4
Armour         | |  3.6

Action                   |  1- 3 |  4- 6 |  7- 9 | 10-12 || total
-------------------------+-------+-------+-------+-------++-------
Melee: War axe           |    81 |    99 |    27 |       ||   207
       Headbutt          |    11 |    21 |    79 |    26 ||   137
       Whip              |       |       |   278 |       ||   278
       Mace              |       |       |    76 |   132 ||   208
Throw: Boomerang         |       |       |    10 |    23 ||    33
       Dart              |       |       |       |     7 ||     7
       Throwing net      |       |       |       |     2 ||     2
Invok: Upheaval          |       |       |     1 |       ||     1
       Disaster Area     |       |       |       |     1 ||     1
Evoke: Wand              |       |       |       |     2 ||     2
  Use: Potion            |       |     2 |     2 |     2 ||     6
       Scroll            |       |       |     5 |       ||     5
Armor: Scale mail        |    34 |    25 |    95 |     6 ||   160
       Chain mail        |       |       |       |    59 ||    59
Dodge: Dodged            |    23 |    22 |    68 |    34 ||   147
Block: Kite shield       |    57 |    69 |   290 |   164 ||   580
